 Dungeon Crawl Stone Soup version 0.29-a0-207-gf982a884d8 (webtiles) character file.

Game seed: 7617736290514959976

102 bande the Covered (level 4, -3/29 HPs)
             Began as a Gargoyle Fighter on Feb 24, 2022.
             Slain by a water moccasin (6 damage)
             ... in a sewer.
             The game lasted 00:04:56 (2365 turns).

bande the Covered (Gargoyle Fighter)                Turns: 2365, Time: 00:04:57

Health: -3/29      AC: 13    Str: 19    XL:     4   Next: 77%
Magic:  4/4        EV:  7    Int:  9    God:
Gold:   155        SH:  4    Dex: 11    Spells: 3/3 levels left

rFire   . . .      SeeInvis .   a - +0 war axe
rCold   + . .      Faith    .   c - +0 buckler
rNeg    + . .      Spirit   .   i - +0 chain mail
rPois   ∞          Reflect  .   (no helmet)
rElec   +          Harm     .   (no cloak)
rCorr   .          Rampage  .   (no gloves)
Will    .....                   (no boots)
Stlth   ..........              (no amulet)
HPRegen 0.09/turn               (no ring)
MPRegen 0.09/turn               (no ring)

@: no status effects
A: sickness immunity, AC +3, negative energy resistance 1, electricity
resistance, torment resistance 1, petrification resistance, fangs 1, cold
resistance 1
a: no special abilities


You were in a sewer.
You visited 1 branch of the dungeon, and saw 3 of its levels.
You also visited: Sewer.

You collected 155 gold pieces.

Inventory:

Hand Weapons
 a - a +0 war axe (weapon)
Armour
 c - a +0 buckler (worn)
 i - a +0 chain mail (worn)
Jewellery
 e - a ring of protection from cold
 h - a ring of fire
 m - an amulet of regeneration
Scrolls
 f - a scroll of fear
 l - a scroll of summoning
 n - 2 scrolls of amnesia
Potions
 b - 2 potions of curing
 d - a potion of might
 g - 2 potions of magic
 j - a potion of mutation
 k - 2 potions of heal wounds {unknown}
 o - a potion of brilliance {unknown}
 p - a potion of berserk rage
 s - a potion of resistance {unknown}


   Skills:
 + Level 4.0 Fighting
 + Level 2.9 Axes
 + Level 4.1 Armour
 + Level 3.9 Shields


You had 3 spell levels left.
You didn't know any spells.
Your spell library was empty.

Dungeon Overview and Level Annotations

Branches:
Dungeon (3/15)              Sewer (1/1)

Altars:


Innate Abilities, Weirdness & Mutations

You are immune to sickness and miasma.
Your stone body is resilient. (AC +3)
You are immune to poison.
You resist negative energy. (rN+)
You are resistant to electric shocks. (rElec)
You are resistant to unholy torment.
You are immune to petrification.
You have very sharp teeth.
Your flesh is cold resistant. (rC+)


Message History

You miss the water moccasin.
The water moccasin is heavily wounded.
You block the water moccasin's attack. The water moccasin barely misses you.
You closely miss the water moccasin.
The water moccasin is heavily wounded.
The water moccasin barely misses you.
You barely miss the water moccasin.
The water moccasin is heavily wounded.
The water moccasin bites you but does no damage. x2
You barely miss the water moccasin.
The water moccasin is heavily wounded.
The water moccasin bites you.
The water moccasin bites you but does no damage.
You closely miss the water moccasin.
The water moccasin is heavily wounded.
The water moccasin bites you but does no damage.
The water moccasin bites you.
* * * LOW HITPOINT WARNING * * *
You closely miss the water moccasin.
The water moccasin is moderately wounded.
The water moccasin closely misses you.
The water moccasin bites you but does no damage.
You closely miss the water moccasin.
The water moccasin is moderately wounded.
You block the water moccasin's attack.
The water moccasin bites you but does no damage.
You hit the water moccasin but do no damage.
The water moccasin is moderately wounded.
The water moccasin bites you.
* * * LOW HITPOINT WARNING * * *
You block the water moccasin's attack.
You miss the water moccasin.
The water moccasin is moderately wounded.
The water moccasin bites you.
* * * LOW HITPOINT WARNING * * *
The water moccasin bites you but does no damage.
You miss the water moccasin.
The water moccasin is moderately wounded.
The water moccasin bites you.
You die...

##...## ##.## #.#
#.# #.# ### #.#
.... #.# .....
#######.####.....$
∩.....†.†@S......?
############.....$
..... .... ###


You could see a water moccasin.

Vanquished Creatures
  An adder (D:2)
  A gnoll (D:1)
  A river rat (D:3)
  2 worms
  3 dart slugs
  10 bats
  4 endoplasms
  6 giant cockroaches
  4 hobgoblins
  2 jackals (D:2)
  2 quokkas
  6 ball pythons
  3 frilled lizards
  4 goblins (D:1)
  8 kobolds
  7 rats
64 creatures vanquished.

Vanquished Creatures (others)
  5 plants (D:1)
5 creatures vanquished.

Grand Total: 69 creatures vanquished

Notes
Turn   | Place    | Note
-------+----------+-------------------------------------------
     0 | D:1      | bande the Gargoyle Fighter began the quest for the Orb.
     0 | D:1      | Reached XP level 1. HP: 14/14 MP: 1/1
    27 | D:1      | Reached XP level 2. HP: 11/19 MP: 2/2
   391 | D:1      | Reached XP level 3. HP: 23/24 MP: 3/3
  1377 | D:2      | Reached XP level 4. HP: 29/29 MP: 4/4
  1945 | D:2      | Gained mutation: You are somewhat resistant to further
                  | mutation. [potion of mutation]
  1945 | D:2      | Gained mutation: You are dopey. (Int -2) [potion of
                  | mutation]
  1945 | D:2      | Gained mutation: You tend to lose your temper in combat.
                  | [potion of mutation]
  1946 | D:2      | Lost mutation: You are somewhat resistant to further
                  | mutation. [potion of mutation]
  1946 | D:2      | Lost mutation: You are dopey. (Int -2) [potion of mutation]
  1946 | D:2      | Lost mutation: You tend to lose your temper in combat.
                  | [potion of mutation]
  1946 | D:2      | Gained mutation: Your flesh is cold resistant. (rC+)
                  | [potion of mutation]
  1946 | D:2      | Gained mutation: You have very sharp teeth. [potion of
                  | mutation]
  2199 | D:3      | Found a glowing drain.
  2225 | Sewer    | Entered a sewer
  2332 | Sewer    | Noticed a water moccasin
  2365 | Sewer    | Slain by a water moccasin

Illustrated notes

Levels and vault maps discovered:
D:1:      dpeg_arrival_long_road, layout_basic, hangedman_glass_garden,
          st_stairs_14, nicolae_grassy_gnolls
D:2:      layout_loops_ring
D:3:      layout_rooms, portal_sewer_entry_c
Sewer:    sewer_big_baddie

Skill      XL: |  1  2  3  4 |
---------------+-------------+-----
Axes           | 2 |  2.9
Armour         | 4 |  4.1
Fighting       | 4 |  4.0
Shields        | |  3.9

Action                   |  1- 3 |  4- 6 || total
-------------------------+-------+-------++-------
Melee: War axe           |    86 |    99 ||   185
       Bite              |       |     6 ||     6
  Use: Scroll            |     5 |     5 ||    10
       Potion            |       |     2 ||     2
Armor: Scale mail        |    17 |       ||    17
       Chain mail        |    29 |    74 ||   103
Dodge: Dodged            |    30 |    41 ||    71
Block: Buckler           |    24 |    29 ||    53

Table legend: (Time is in decaauts)
 A = Elapsed time spent in this place.
 B = Non-inter-level travel time spent in this place.
 C = Inter-level travel time spent in this place.
 D = Time resting spent in this place.
 E = Time spent auto-exploring this place.
 F = Levels seen in this place.
 G = Mean time per level.
                   A        B        C        D        E       F      G
               +--------+--------+--------+--------+--------+-----+--------+
         Total |   2440 |   2402 |     38 |      0 |   1867 |   4 |  610.0 |
       Dungeon |   2286 |   2248 |     38 |      0 |   1777 |   3 |  762.0 |
         Sewer |    154 |    154 |      0 |      0 |     90 |   1 |  154.0 |
               +--------+--------+--------+--------+--------+-----+--------+

Top non-repeatable levels by time:
     D:1: 1026 daAuts
     D:2: 967 daAuts
     D:3: 291 daAuts
   Sewer: 154 daAuts
